 Dungeon Crawl Stone Soup version 0.27.0-1-g7a089689b8 (webtiles) character file.

Game seed: 226941638284929078

1444 freelancePsychic the Basher (level 8, 0/73 HPs)
             Began as a Minotaur Chaos Knight on Aug 12, 2021.
             Was a Priest of Lugonu.
             Killed by divine providence
             ... invoked by an orc priest
              (9 damage)
             ... on level 6 of the Dungeon.
             The game lasted 00:10:21 (4571 turns).

freelancePsychic the Basher (Minotaur Chaos Knight) Turns: 4571, Time: 00:10:22

Health: 0/73       AC: 14    Str: 18    XL:     8   Next: 46%
Magic:  10/10      EV:  9    Int:  7    God:    Lugonu [***...]
Gold:   150        SH:  0    Dex: 11    Spells: 7/7 levels left

rFire    + . .     SeeInvis .   j - +0 dire flail
rCold    + . .     Faith    .   (shield currently unavailable)
rNeg     . . .     Spirit   .   l - +0 plate armour
rPois    +         Reflect  .   (helmet unavailable)
rElec    +         Harm     .   c - +2 cloak
rCorr    +         Rampage  .   (no gloves)
Will     +....                  (no boots)
Stlth    ..........             (no amulet)
HPRegen  0.22/turn              e - +4 ring of evasion
MPRegen  0.12/turn              (no ring)

@: lethally poisoned (0 -> -6), resistant
A: horns 3, retaliatory headbutt, dopey 1, strong-willed 1
a: Renounce Religion, Depart the Abyss, Bend Space, Banish


You were on level 6 of the Dungeon.
You worshipped Lugonu.
Lugonu was most pleased with you.
You visited 1 branch of the dungeon, and saw 6 of its levels.

You collected 150 gold pieces.

Inventory:

Hand Weapons
 j - a +0 dire flail (weapon)
Armour
 b - a +2 leather armour
 c - a +2 cloak (worn)
 l - a +0 plate armour (worn)
Jewellery
 e - a +4 ring of evasion (left hand)
Scrolls
 a - 3 scrolls of identify {@r1}
 d - a scroll of amnesia
 h - 2 scrolls of silence
 k - a scroll of magic mapping {unknown}
Potions
 f - a potion of attraction {unknown}
 g - 3 potions of resistance
 i - a potion of cancellation {unknown}


   Skills:
 + Level 7.4 Fighting
 - Level 9.5 Maces & Flails
 + Level 2.9 Armour
 - Level 1.1 Dodging
 + Level 4.8 Invocations


You had 7 spell levels left.
You didn't know any spells.
Your spell library contained the following spells:

 Spells                   Type           Power      Damage    Failure   Level
 Summon Small Mammal      Summ           0%         N/A       100%        1
 Call Canine Familiar     Summ           0%         N/A       100%        3
 Summon Guardian Golem    Hex/Summ       0%         N/A       100%        3
 Animate Armour           Summ/Erth      0%         N/A       100%        4
 Blade Hands              Tmut           0%         N/A       100%        5
 Iron Shot                Conj/Erth      0%         9d1       100%        6


Dungeon Overview and Level Annotations

Branches:
Dungeon (6/15)             Temple (0/1) D:4

Altars:
Makhleb
Okawaru
Trog
Lugonu


Innate Abilities, Weirdness & Mutations

You have a pair of large horns on your head.
You reflexively headbutt those who attack you in melee.
You are dopey. (Int -2)
You are strong-willed. (Will+)


Message History

The orc wizard mumbles some strange words.
The orc wizard flickers and vanishes!
Deactivating autopickup; reactivate with Ctrl-A.
The orc priest mumbles some strange prayers to Beogh against you.
You are no longer corroded.
You hear some strange, mumbled words.
Something tries to affect you, but you resist.
A magic dart appears from out of thin air!
The magic dart hits you but does no damage.
A water moccasin comes into view.
The water moccasin hisses angrily.
The water moccasin bites you. The water moccasin bites you.
You are poisoned.
The water moccasin poisons you!
You feel very sick. The water moccasin bites you.
A puff of flame appears from out of thin air!
The puff of flame hits you but does no damage.
The water moccasin closely misses you.
You feel sick.
You feel sick. The water moccasin barely misses you.
You feel sick.
You feel sick.
You feel sick. The water moccasin bites you!
You are more poisoned.
The water moccasin poisons you!
* * * LOW HITPOINT WARNING * * *
You feel very sick.
* * * LOW HITPOINT WARNING * * *
You feel very sick.
It was a potion of resistance.
You feel protected.
You feel sick. The water moccasin barely misses you.
The water moccasin bites you but does no damage.
You feel very sick.
You feel sick.
The orc priest invokes the aid of Beogh against you.
Beogh smites you!
You die...

#.#.## #o#..#
##.##.#
#{....##
#......#
#....#.#####.#
#).).#.......#
#S...#########
#@........
#<...####.
######


You could see a water moccasin and an orc priest.

Vanquished Creatures
  Prince Ribbit (D:5)
  A sky beast (D:6)
  An orc warrior (D:6)
  2 black bears
  2 ogres (D:5)
  Blork the orc (D:4)
  A kobold brigand (D:5)
  A scorpion (D:3)
  A howler monkey (D:5)
  A bullfrog zombie (D:5)
  A centaur zombie (D:3)
  A gnoll shaman (D:5)
  2 jellies
  3 centaur skeletons
  An iguana (D:5)
  Natasha (D:2)
  2 orc wizards
  6 gnolls
  3 adders
  A white imp (D:6)
  An adder skeleton (D:4)
  2 dart slugs (D:1)
  7 orcs
  8 ball pythons
  5 bats
  7 endoplasms
  3 goblins
  8 hobgoblins
  2 jackals (D:1)
  4 quokkas
  5 frilled lizards
  8 kobolds
93 creatures vanquished.

Notes
Turn   | Place    | Note
-------+----------+-------------------------------------------
     0 | D:1      | freelancePsychic the Minotaur Chaos Knight began the quest
                  | for the Orb.
     0 | D:1      | Reached XP level 1. HP: 19/19 MP: 0/0
    68 | D:1      | Reached skill level 4 in Maces & Flails
   100 | D:1      | Reached XP level 2. HP: 27/27 MP: 1/1
   209 | D:1      | XOM: silly message
   358 | D:1      | Found a faded altar of an unknown god.
   391 | D:1      | Reached XP level 3. HP: 32/33 MP: 2/2
   418 | D:1      | Fell from the grace of Xom
   419 | D:1      | Became a worshipper of Lugonu the Unformed
   419 | D:1      | Reached * piety under Lugonu
   419 | D:1      | Reached ** piety under Lugonu
   478 | D:1      | You fall into a shaft and drop 1 floor!
   655 | D:2      | XOM: 3-stop teleportation journey
   662 | D:2      | Reached skill level 5 in Maces & Flails
   870 | D:2      | Noticed Natasha
   879 | D:2      | Killed Natasha
   880 | D:2      | Reached skill level 1 in Invocations
   880 | D:2      | Reached XP level 4. HP: 25/41 MP: 3/3
  1023 | D:2      | Noticed a phantom
  1280 | D:3      | Noticed a scorpion
  1284 | D:3      | Gained mutation: You are dopey. (Int -2) [potion of
                  | mutation]
  1284 | D:3      | Gained mutation: You have a pair of large horns on your
                  | head. [potion of mutation]
  1284 | D:3      | Gained mutation: You are strong-willed. (Will+) [potion of
                  | mutation]
  1289 | D:3      | Killed a scorpion
  1290 | D:3      | Reached skill level 6 in Maces & Flails
  1290 | D:3      | Reached XP level 5. HP: 33/47 MP: 5/5
  1296 | D:3      | XOM: 10-stop teleportation journey
  1458 | D:3      | Noticed a sky beast
  1485 | D:2      | XOM: noise
  1570 | D:2      | XOM: summons 2 hostile shadow creatures
  1667 | D:3      | Reached skill level 5 in Fighting
  1691 | D:3      | Found an iron altar of Okawaru.
  1820 | D:3      | XOM: summons 3 hostile shadow creatures
  2053 | D:4      | Reached XP level 6. HP: 56/56 MP: 6/6
  2177 | D:4      | Noticed Blork the orc
  2184 | D:4      | Killed Blork the orc
  2203 | D:4      | Found a staircase to the Ecumenical Temple.
  2292 | D:4      | Reached skill level 7 in Maces & Flails
  2904 | D:4      | Reached XP level 7. HP: 49/62 MP: 8/8
  2971 | D:4      | Found a bloodstained altar of Trog.
  3098 | D:4      | Found a burning altar of Makhleb.
  3121 | D:5      | Entered Level 5 of the Dungeon
  3202 | D:5      | Reached skill level 8 in Maces & Flails
  3258 | D:5      | XOM: divination: detect items
  3521 | D:5      | Noticed Prince Ribbit
  3545 | D:5      | Killed Prince Ribbit
  4038 | D:5      | XOM: noise
  4081 | D:5      | XOM: noise
  4176 | D:5      | Reached skill level 9 in Maces & Flails
  4176 | D:5      | Reached XP level 8. HP: 54/71 MP: 10/10
  4431 | D:6      | Reached *** piety under Lugonu
  4571 | D:6      | Killed from afar by an orc priest

Illustrated notes

Levels and vault maps discovered:
D:1:      dpeg_arrival_rhombi, layout_basic, shapermc_ecumenical_altar_pompeii,
          grunt_decor_mini_mirrors, minmay_heptomino_l4
D:2:      layout_loops_corners, kennysheep_generic_room_5,
          uniq_crazy_yiuf_cottage, uniq_natasha
D:3:      layout_loops_ring, okawaru_trees_2, minmay_misc_feat_enclosed,
          chequers_serial_rivers_micro_d
D:4:      layout_loops_ring, lightli_temple_of_fire, general_overflow_altar,
          minmay_temple_entry_mini_moons, serial_co_window_serial,
          co_window_paths_b, co_window_paths_a, co_window_paths_a,
          co_window_of_opportunity_a, co_window_paths_b, co_window_corner_a,
          co_window_cross_4, co_window_of_opportunity_c, co_window_corner_cb,
          co_window_corner_b, co_window_of_opportunity_b,
          co_window_of_opportunity_c, co_window_of_opportunity_b,
          co_window_4corner_a, glass_columns_c, uniq_blork_the_orc
D:5:      layout_gridville, uniq_prince_ribbit1
D:6:      layout_rooms, mainiacjoe_overflow_six_doors_small,
          eino_small_chamber_without_monster, corexii_leaking_fountain,
          nicolae_shop_overcharged_wands, uniq_edmund

Skill      XL: |  1  2  3  4  5  6  7  8 |
---------------+-------------------------+-----
Maces & Flails | 4 5 6 7 9 |  9.5
Fighting       | 4 5 6 7 |  7.4
Invocations    | 1 2 3 4 |  4.8
Armour         | |  2.9
Dodging        | |  1.1

Action                   |  1- 3 |  4- 6 |  7- 9 || total
-------------------------+-------+-------+-------++-------
Melee: Mace              |    46 |       |       ||    46
       Headbutt          |     7 |    12 |    10 ||    29
       Flail             |    12 |    72 |       ||    84
       Dire flail        |       |    23 |    79 ||   102
Invok: Renounce Religion |     1 |       |       ||     1
       Bend Space        |       |       |     1 ||     1
  Use: Scroll            |     4 |     1 |       ||     5
       Potion            |     1 |     1 |     1 ||     3
 Stab: Paralysed         |     1 |       |       ||     1
Armor: Leather armour    |    19 |    45 |    15 ||    79
       Plate armour      |       |       |     8 ||     8
Dodge: Dodged            |    34 |    83 |    47 ||   164
